 Dungeon Crawl Stone Soup version 0.27.1-34-g3ba077fa99 (webtiles) character file.

Game seed: 12471497891271288253

34065 EWolf27 the Unseen (level 13, -6/58 HPs)
             Began as a Spriggan Enchanter on Jan 15, 2022.
             Was an Initiate of Gozag.
             Mangled by a minotaur (10 damage)
             ... in a Gauntlet on Jan 22, 2022.
             The game lasted 02:54:14 (31576 turns).

EWolf27 the Unseen (Spriggan Enchanter)            Turns: 31576, Time: 02:54:14

Health: -6/58      AC:  4    Str:  6    XL:     13   Next: 40%
Magic:  22/30      EV: 25    Int: 18    God:    Gozag
Gold:   3144       SH:  0    Dex: 23    Spells: 15/36 levels left

rFire    . . .     SeeInvis +   b - +10 rapier of Dydashre {freeze, Dex+6}
rCold    + . .     Faith    .   (shield restricted)
rNeg     . . .     Spirit   .   E - +1 robe {rC+}
rPois    .         Reflect  .   (helmet restricted)
rElec    .         Harm     .   v - +0 cloak
rCorr    .         Rampage  .   (gloves unavailable)
Will     +++..     NoTele   +   (boots unavailable)
Stlth    +++++++...             (no amulet)
HPRegen  0.19/turn              j - ring of willpower
MPRegen  0.22/turn              K - ring of wizardry

@: slightly contaminated, studying Translocations, invisible, very quick
A: very small, no large weapons, unfitting armour, see invisible, speed 3
a: Renounce Religion, Potion Petition, Call Merchant, Bribe Branch


You were in a Gauntlet.
You worshipped Gozag.
Gozag was most pleased with you.
You visited 3 branches of the dungeon, and saw 18 of its levels.
You also visited: Gauntlet.

You collected 3192 gold pieces.
You paid 48 gold pieces to Gozag.

Inventory:

Hand Weapons
 a - a +3 dagger
 b - the +10 rapier of Dydashre (weapon) {freeze, Dex+6}
   (You found it on level 6 of the Dungeon)

   It freezes those it strikes, dealing additional cold damage.
   It can also slow down cold-blooded creatures.
   Dex:       It affects your dexterity (+6).
 F - a +1 dagger of freezing
Missiles
 n - 12 curare-tipped darts (quivered)
 o - 25 poisoned darts
 s - 5 throwing nets
 G - 10 atropa-tipped darts
Armour
 e - a +0 buckler
 v - a +0 cloak (worn)
 E - a +1 robe of cold resistance (worn)
Jewellery
 d - a ring of protection from cold
 j - a ring of willpower (left hand)
 w - a ring of resist corrosion
 J - the ring of Raac {Fly Str+6 Int+6}
   (You found it in a Gauntlet)

   [ring of strength]

   Str:       It affects your strength (+6).
   Int:       It affects your intelligence (+6).
   Fly:       It grants you flight.
 K - a ring of wizardry (right hand)
Wands
 p - a wand of polymorph (4)
 q - a wand of acid (9)
 r - a wand of paralysis (24)
 t - a wand of digging (8)
 u - a wand of mindburst (7)
 C - a wand of charming (7)
 D - a wand of iceblast (4)
Scrolls
 c - 7 scrolls of teleportation
 f - 2 scrolls of enchant weapon
 g - 5 scrolls of magic mapping
 l - 2 scrolls of amnesia
 m - 3 scrolls of fear
 y - 2 scrolls of fog
Potions
 h - 4 potions of curing
 i - 3 potions of brilliance
 k - 3 potions of mutation
 x - 2 potions of berserk rage
 z - 4 potions of flight
 A - a potion of cancellation
 B - 3 potions of resistance
 I - a potion of haste {unknown}
Miscellaneous
 H - a box of beasts


   Skills:
 + Level 1.9 Fighting
 * Level 9.6 Short Blades
 - Level 8.7 Dodging
 - Level 16.0 Stealth
 * Level 2.0 Shields
 - Level 12.0 Spellcasting
 + Level 15.0 Hexes
 + Level 2.8 Summonings
 - Level 4.0 Ice Magic
 - Level 0.1 Evocations


You had 15 spell levels left.
You knew the following spells:

 Your Spells              Type           Power      Damage    Failure   Level
a - Corona                Hex            66%        N/A       0%          1
b - Ensorcelled Hibernat  Hex/Ice        90%        N/A       1%          2
c - Confusing Touch       Hex            60%        N/A       1%          3
d - Tukima's Dance        Hex            60%        N/A       1%          3
e - Call Canine Familiar  Summ           21%        N/A       2%          3
f - Summon Guardian Gole  Hex/Summ       43%        N/A       1%          3
g - Invisibility          Hex            30%        N/A       1%          6

Your spell library contained the following spells:

 Spells                   Type           Power      Damage    Failure   Level
 Summon Small Mammal      Summ           84%        N/A       1%          1
 Dazzling Flash           Conj/Hex       74%        N/A       1%          3
 Portal Projectile        Hex/Tloc       74%        N/A       1%          3
 Apportation              Tloc           20%        N/A       2%          1
 Passwall                 Tmut/Erth      8%         N/A       4%          2
 Sublimation of Blood     Necr           5%         N/A       4%          2
 Conjure Flame            Conj/Fire      10%        6-21      8%          3
 Ignite Poison            Fire/Tmut/Pois 10%        N/A       8%          3
 Mephitic Cloud           Conj/Pois/Air  10%        N/A       8%          3
 Swiftness                Air            10%        N/A       8%          3
 Animate Armour           Summ/Erth      30%        N/A       14%         4
 Petrify                  Tmut/Erth      10%        N/A       26%         4
 Freezing Cloud           Conj/Ice/Air   7%         6-21      38%         5
 Alistair's Intoxication  Tmut/Pois      6%         N/A       54%         5
 Blade Hands              Tmut           5%         N/A       54%         5
 Bolt of Magma            Conj/Fire/Erth 5%         4d5       54%         5
 Excruciating Wounds      Necr           5%         N/A       54%         5
 Irradiate                Conj/Tmut      5%         3d15      54%         5
 Iron Shot                Conj/Erth      5%         9d2       98%         6
 Orb of Destruction       Conj           5%         9d2       100%        7
 Spellforged Servitor     Conj/Summ      7%         N/A       100%        7


Dungeon Overview and Level Annotations

Branches:
Dungeon (14/15)            Temple (1/1) D:4            Lair (3/6) D:11
  Swamp (0/4) Lair:2       Spider (0/4) Lair:2          Orc (0/2) D:12
 Vaults (0/5) D:14        Gauntlet (1/1)

Altars:
Ashenzari
Cheibriados
Dithmenos
Elyvilon
Fedhas
Gozag
Hepliaklqana
Kikubaaqudgha
Makhleb
Nemelex Xobeh
Okawaru
Qazlal
Ru
Sif Muna
Trog
Uskayaw
Vehumet
Wu Jian
Xom
Yredelemnul
Zin
The Shining One

Shops:
D:10 *

Annotations:
D:6 not fully cleared elec eels
D:7 exclusion: downstairs
D:9 hydras and more left
D:11 stash, exclusion: electric eel
Lair:1 3 runed translucent doors, Ywein's ghost, journeyman VSBe Gauntlet 8 transporters


Innate Abilities, Weirdness & Mutations

You are very small and have problems with some larger weapons.
You are too small for most types of armour.
You have supernaturally acute eyesight. (SInv)
You cover ground extremely quickly. (Speed+++)


Message History

The meliai completely misses you. The meliai misses you.
The meliai mumbles some strange prayers to its god against you.
Something smites you!
You hear a horrible gurgling sound!
The meliai completely misses you.
The meliai stings you but does no damage.
There is a transporter here.
You enter the transporter and appear at another place.
The meliai completely misses you. x2
The great orb of eyes barely misses you.
The meliai closely misses you. x2
You flicker for a moment.
You flicker back into view.
Casting: Invisibility (dangerous; 1% risk of failure)
Confirm with . or Enter, or press ? or * to list all spells.
You fade into invisibility!
You are lightly contaminated with residual magic.
A minotaur comes into view. It is quivering silver javelins.
Casting: Invisibility (dangerous; 1% risk of failure)
Confirm with . or Enter, or press ? or * to list all spells.
Aiming: Ensorcelled Hibernation (safe; 1% risk of failure)
Press: ? - help, Shift-Dir - straight line, f - minotaur
Aim: a minotaur, wearing a +0 plate armour and quivering silver javelins (wandering, hasn't noticed you, chance to affect: 9%)
The minotaur bellows!
The minotaur resists with almost no effort.
Casting: Ensorcelled Hibernation (safe; 1% risk of failure)
Confirm with . or Enter, or press ? or * to list all spells.
Aiming: Ensorcelled Hibernation (safe; 1% risk of failure)
Press: ? - help, Shift-Dir - straight line, f/p - minotaur
Aim: a minotaur, wearing a +0 plate armour and quivering silver javelins (chance to affect: 9%)
The minotaur resists with almost no effort.
The minotaur throws a silver javelin.
The silver javelin pierces through you! The minotaur hits you!!
* * * LOW HITPOINT WARNING * * *
The minotaur barely misses you.
You puncture the minotaur! You freeze the minotaur.
The minotaur is lightly wounded.
The minotaur closely misses you. The minotaur gores you!
You die...
Your body crumbles into a pile of gold.

≈≈.≈.#..#≈8≈#
.≈..©#..#...#
≈≈...#..#.8.#
..≈.≈#..#...#############
.≈≈≈.#..#.8.##...G......#
≈....#..#...##.########.#
######..#...##.#.. #.#
.......≈#.©.##.#H# #.#
.......∩#y.G.G.#@# #.#
.......≈#.©.####.######.#
######..#...# #........#
.....#..#...# ##########
.#.#.#..#.8.#
#.#..#..#...#
.#.#.#..#.8.#
©.#.§#..#...#
.#.#.#..#≈8≈#


You could see a minotaur.

Vanquished Creatures
  Harold (Lair:2)
  3 boulder beetles
  4 hydras
  A death knight (D:12)
  Erica (Lair:1)
  A centaur warrior (D:13)
  7 two-headed ogres
  Sonja (D:10)
  A wizard (D:14)
  Sigmund (D:5)
  A bog body (Lair:2)
  An orb spider (shapeshifter) (D:13)
  A phantasmal warrior (D:12)
  A deep elf pyromancer (D:9)
  A cyclops (D:13)
  3 ugly things
  2 black mambas
  2 gargoyles
  4 kobold demonologists (D:9)
  An unseen horror (D:9)
  3 trolls
  Prince Ribbit (D:4)
  A jumping spider (Lair:2)
  A hornet (D:6)
  8 blink frogs (Lair:2)
  Grinder (D:5)
  4 slime creatures (D:13)
  A shadow (D:11)
  17 yaks
  2 wraiths
  A basilisk (Lair:2)
  4 vampire mosquitoes
  Menkaure (D:5)
  A steam dragon (D:9)
  2 water moccasins
  3 acid dragons
  2 ice beasts
  7 orc warriors
  2 sky beasts
  4 ogres
  3 black bears
  4 necrophages
  6 centaurs
  2 phantoms
  4 kobold brigands
  Blork the orc (D:5)
  4 bullfrogs
  A scorpion (D:7)
  3 killer bees (D:9)
  A wight (D:9)
  12 howler monkeys
  4 electric eels
  3 centaur zombies
  A bullfrog zombie (D:5)
  6 orc priests
  5 hounds
  2 jellies
  Crazy Yiuf (D:5)
  3 bullfrog skeletons
  A centaur skeleton (D:5)
  A gnoll shaman (D:7)
  4 iguanas
  18 orc wizards
  A statue (D:4)
  A hound skeleton (D:4)
  Robin (D:2)
  2 howler monkey zombies (D:10)
  9 gnolls
  A howler monkey skeleton (D:5)
  10 adders
  A shadow imp (D:5)
  2 adder skeletons (D:4)
  A worm (D:5)
  3 dart slugs
  34 orcs
  3 endoplasms
  2 giant cockroaches
  15 hobgoblins
  4 jackals (D:1)
  10 kobolds
  4 quokkas
  7 ball pythons
  6 bats
  2 frilled lizards
  9 goblins
  6 rats
328 creatures vanquished.

Vanquished Creatures (collateral kills)
  A centaur warrior (D:13)
  An ugly thing (D:13)
  An unseen horror (D:13)
  Edmund (D:5)
  An orc warrior (D:12)
  4 centaurs
  A kobold brigand (D:9)
  A gnoll sergeant (D:6)
  A bullfrog skeleton (D:5)
  An orc priest (D:9)
  2 orc wizards
  2 gnolls
  9 orcs
  2 kobolds
  A spectral orc (D:11)
29 creatures vanquished.

Vanquished Creatures (others)
  3 dancing weapons
  A human (D:8)
  3 fungi (Lair:2)
  10 plants
  9 withered plants (D:14)
26 creatures vanquished.

Grand Total: 383 creatures vanquished

Notes
Turn   | Place    | Note
-------+----------+-------------------------------------------
     0 | D:1      | EWolf27 the Spriggan Enchanter began the quest for the Orb.
     0 | D:1      | Reached XP level 1. HP: 9/9 MP: 5/5
   546 | D:1      | Reached XP level 2. HP: 8/13 MP: 7/7
   647 | D:1      | Learned a level 2 spell: Ensorcelled Hibernation
  1472 | D:1      | Reached skill level 5 in Stealth
  2209 | D:2      | Noticed Robin
  2354 | D:2      | Reached XP level 3. HP: 16/16 MP: 8/8
  2367 | D:1      | Learned a level 3 spell: Confusing Touch
  2852 | D:2      | Reached skill level 1 in Ice Magic
  2888 | D:2      | Killed Robin
  2889 | D:2      | Reached XP level 4. HP: 16/21 MP: 0/10
  3434 | D:2      | Found a faded altar of an unknown god.
  4550 | D:3      | Learned a level 3 spell: Tukima's Dance
  5828 | D:3      | Reached XP level 5. HP: 24/24 MP: 7/12
  6045 | D:4      | Found a staircase to the Ecumenical Temple.
  6056 | Temple   | Entered the Ecumenical Temple
  6178 | D:4      | Found a radiant altar of Vehumet.
  6178 | D:4      | Noticed a charred statue
  6256 | D:4      | Reached skill level 6 in Stealth
  6256 | D:4      | Reached skill level 5 in Hexes
  6307 | D:4      | Found a shimmering blue altar of Sif Muna.
  6815 | Temple   | Became a worshipper of Gozag Ym Sagoz the Greedy
  6836 | D:5      | Entered Level 5 of the Dungeon
  6836 | D:5      | Noticed a necrophage
  6842 | D:4      | Reached XP level 6. HP: 18/28 MP: 10/13
  6966 | D:5      | Noticed Blork the orc
  7569 | D:4      | Reached skill level 7 in Stealth
  7569 | D:4      | Reached skill level 5 in Spellcasting
  8258 | D:5      | Noticed Menkaure
  8261 | D:5      | Noticed a sky beast
  8323 | D:5      | Reached XP level 7. HP: 32/32 MP: 12/15
  8657 | D:5      | Noticed Sigmund
  8660 | D:5      | Noticed Edmund
  8686 | D:5      | Killed Edmund
  8687 | D:5      | Reached skill level 8 in Stealth
  9072 | D:5      | Killed Blork the orc
  9425 | D:5      | Reached XP level 8. HP: 28/36 MP: 7/18
  9504 | D:5      | Noticed Grinder
  9728 | D:5      | Noticed Prince Ribbit
 10072 | D:6      | Reached skill level 9 in Stealth
 10558 | D:5      | Killed Sigmund
 10559 | D:5      | Reached skill level 10 in Stealth
 11455 | D:4      | Killed Prince Ribbit
 11456 | D:4      | Reached XP level 9. HP: 39/39 MP: 17/21
 12595 | D:5      | Killed Menkaure
 12825 | D:5      | Found a runed translucent door.
 12825 | D:5      | Noticed Crazy Yiuf
 13207 | D:5      | Killed Crazy Yiuf
 13225 | D:5      | Killed Grinder
 13786 | D:6      | Noticed a troll
 13793 | D:6      | Killed a troll
 14327 | D:6      | Reached skill level 11 in Stealth
 14332 | D:6      | HP: 2/40 [centaur/arrow (1)]
 15339 | D:7      | Reached XP level 10. HP: 30/44 MP: 16/24
 16328 | D:7      | Reached skill level 10 in Spellcasting
 16500 | D:8      | Noticed a two-headed ogre
 16644 | D:7      | Reached skill level 12 in Stealth
 16840 | D:7      | Reached skill level 10 in Hexes
 18425 | D:8      | Found a bloodstained altar of Trog.
 18549 | D:8      | Killed a two-headed ogre
 18550 | D:8      | Reached skill level 13 in Stealth
 18639 | D:8      | Found an ancient bone altar of Kikubaaqudgha.
 19361 | D:9      | Noticed a five-headed hydra
 19361 | D:9      | Noticed a deep elf pyromancer
 19751 | D:10     | Entered Level 10 of the Dungeon
 19766 | D:10     | Found Ytwoucyw's General Store.
 19816 | D:9      | Found a sparkling altar of Nemelex Xobeh.
 19826 | D:9      | Found a stormy altar of Qazlal.
 19833 | D:10     | Noticed Sonja
 19838 | D:10     | Killed Sonja
 19839 | D:10     | Reached XP level 11. HP: 48/48 MP: 27/27
 19967 | D:9      | Found a snail-covered altar of Cheibriados.
 19969 | D:9      | Found an iron altar of Okawaru.
 20044 | D:9      | Learned a level 3 spell: Call Canine Familiar
 20066 | D:9      | Noticed a boulder beetle
 20066 | D:9      | Noticed a four-headed hydra
 20568 | D:9      | Noticed a cyan ugly thing
 21070 | D:9      | Killed a cyan ugly thing
 21071 | D:9      | Reached skill level 14 in Stealth
 21600 | D:10     | Noticed a two-headed ogre
 21615 | D:10     | Found a glowing silver altar of Zin.
 22173 | D:10     | Learned a level 3 spell: Summon Guardian Golem
 22435 | D:10     | Killed a two-headed ogre
 22713 | D:10     | Noticed a two-headed ogre
 22717 | D:10     | Killed a two-headed ogre
 23159 | D:9      | Killed a five-headed hydra
 23160 | D:9      | Reached skill level 15 in Stealth
 23447 | D:11     | Reached skill level 5 in Short Blades
 23447 | D:11     | Reached skill level 5 in Dodging
 23456 | D:11     | Found a staircase to the Lair.
 23495 | Lair:1   | Entered Level 1 of the Lair of Beasts
 23580 | D:11     | Noticed a skeletal warrior
 23580 | D:11     | Noticed a skeletal warrior
 23580 | D:11     | Noticed a phantasmal warrior
 23580 | D:11     | Noticed a skeletal warrior
 23693 | D:11     | Noticed a two-headed ogre
 23700 | D:11     | Killed a two-headed ogre
 24273 | D:11     | Found a basalt altar of Yredelemnul.
 24562 | D:12     | Noticed a two-headed ogre
 24570 | D:12     | Noticed a two-headed ogre
 24573 | D:12     | Killed a two-headed ogre
 24822 | D:12     | Reached skill level 1 in Summonings
 24825 | D:12     | Killed a two-headed ogre
 24897 | D:13     | Noticed a centaur warrior
 24900 | D:13     | Killed a centaur warrior
 24901 | D:13     | Reached skill level 16 in Stealth
 24901 | D:13     | Reached XP level 12. HP: 52/52 MP: 29/29
 25165 | D:12     | Noticed a boulder beetle
 25176 | D:12     | Killed a boulder beetle
 25233 | D:13     | Noticed a six-headed hydra
 25235 | D:13     | Killed a six-headed hydra
 25429 | D:12     | Noticed a death knight
 25449 | D:12     | Killed a death knight
 25511 | D:12     | Found a staircase to the Orcish Mines.
 26095 | D:12     | Learned a level 6 spell: Invisibility
 26337 | D:13     | Noticed a centaur warrior
 26349 | D:13     | Killed a centaur warrior
 26477 | D:13     | Noticed a four-headed hydra
 26610 | D:13     | Killed a four-headed hydra
 26633 | D:13     | Noticed a boulder beetle
 26642 | D:13     | Killed a boulder beetle
 26643 | D:13     | Reached skill level 1 in Fighting
 27399 | D:6      | Identified the +10 rapier of Dydashre {freeze, Dex+6}
 27672 | D:9      | Killed a four-headed hydra
 27676 | D:9      | Killed a boulder beetle
 27848 | D:11     | Noticed a death knight
 28084 | D:14     | Found an ancient bone altar of Kikubaaqudgha.
 28095 | D:14     | Noticed a rakshasa
 28116 | D:13     | Reached XP level 13. HP: 51/56 MP: 17/30
 28749 | D:14     | Found a gate to the Vaults.
 29110 | Lair:2   | Reached skill level 1 in Shields
 29136 | Lair:1   | Noticed Erica
 29148 | Lair:1   | Killed Erica
 29298 | Lair:1   | Noticed Ywein's ghost (journeyman VSBe)
 29299 | Lair:1   | Found a runed translucent gate.
 29299 | Lair:1   | Found a runed translucent gate.
 29299 | Lair:1   | Found a runed translucent gate.
 29990 | Lair:2   | Found a hole to the Spider Nest.
 30297 | Lair:2   | Found a staircase to the Swamp.
 30301 | Lair:2   | Noticed Harold
 30544 | Lair:2   | Killed Harold
 31210 | Lair:2   | Reached skill level 15 in Hexes
 31272 | Lair:3   | Found a gate leading to a gauntlet.
 31282 | Gauntlet | Entered a Gauntlet
 31282 | Gauntlet | Found a transporter.
 31282 | Gauntlet | Found a transporter.
 31282 | Gauntlet | Found a transporter.
 31291 | Gauntlet | Found a transporter.
 31303 | Gauntlet | Found a transporter.
 31317 | Gauntlet | Found a transporter.
 31327 | Gauntlet | Found a transporter.
 31342 | Gauntlet | Found a transporter.
 31348 | Gauntlet | Found a transporter.
 31362 | Gauntlet | Found a transporter.
 31379 | Gauntlet | Found a transporter.
 31383 | Gauntlet | Found a transporter.
 31523 | Gauntlet | Identified the -6 pair of boots "Ylida" {rElec rPois rF-
                  | Int+2}
 31538 | Gauntlet | Identified the ring of Raac {Fly Str+6 Int+6}
 31542 | Gauntlet | Got the Reference Book on Attacks and Stones
 31571 | Gauntlet | Noticed a minotaur
 31576 | Gauntlet | Mangled by a minotaur

Illustrated notes

Levels and vault maps discovered:
D:1:      kilobyte_arrival_exit_the_forest, layout_rooms, chequers_avenue,
          dk_noncrumbling_2
D:2:      layout_basic, hellmonk_ecumenical_altar_zigzags, minivault_19,
          uniq_robin
D:3:      layout_basic
D:4:      layout_rooms, general_overflow_altar, vehumet_statue,
          minmay_temple_entry_mist, st_stairs_12
D:5:      minmay_chambers_of_threes, layout_cave_pools,
          sigmund_edmund_badplayer, uniq_sigmund, uniq_menkaure,
          uniq_prince_ribbit1, uniq_grinder, uniq_blork_the_orc,
          uniq_crazy_yiuf_cottage
D:6:      cheibrodos_two_vegetables, layout_rooms, minmay_manual_mess
D:7:      layout_gridville, hangedman_decor_peaks_small
D:8:      layout_gridville, trog_ov_bears_minmay, tgw_kikubaaqudgha,
          st_stairs_10, grunt_decor_junction
D:9:      layout_irregular_city, nicolae_overflow_quartered_altars,
          minmay_shattered_shrine
D:10:     layout_basic, lemuel_round_altar, nicolae_stop_n_shop_1, uniq_sonja
D:11:     layout_roguey, lair_entry_dummy, fountainhead,
          yredelemnul_forgotten_temple_becter
D:12:     layout_basic, david_orc_3
D:13:     layout_rooms
D:14:     layout_basic, david_vaults_1, kiku_gazebo_garden_becter
Temple:   cyrus_circular_temple
Lair:1:   layout_misc_corridors, gammafunk_ghost_split,
          infiniplex_staircase_pool, serial_bayou_shore_a, uniq_erica
Lair:2:   layout_big_grid, skrybe_swamp_entry_bodies, spider_nest_entry_a,
          uniq_gastronok, uniq_harold
Lair:3:   layout_small_grid, gauntlet_entry_generic
Gauntlet: gammafunk_gauntlet_shortcut [nicolae_gauntlet_arena_quarters,
          gammafunk_gauntlet_arena_grid, gammafunk_gauntlet_arena_crates,
          nicolae_gauntlet_arena_blocks, gammafunk_gauntlet_arena_split_diamond,
          nicolae_gauntlet_arena_flowing_pool, gauntlet_exit_spiral]

Skill      XL: |  1  2  3  4  5  6  7  8  9 10 11 12 13 |
---------------+----------------------------------------+-----
Spellcasting   | 3 4 5 6 7 9 11 12 | 12.0
Hexes          | 4 5 6 8 9 11 12 14 15 | 15.0
Stealth        | 5 6 7 8 10 11 13 16 | 16.0
Ice Magic      | 1 2 3 4 |  4.0
Dodging        | 3 4 6 8 |  8.7
Short Blades   | 2 3 5 8 9 |  9.6
Summonings     | 1 2 |  2.8
Fighting       | 1 |  1.9
Shields        | 2 |  2.0
Evocations     | |  0.1

Action                   |  1- 3 |  4- 6 |  7- 9 | 10-12 | 13-15 || total
-------------------------+-------+-------+-------+-------+-------++-------
Melee: Dagger            |   118 |   112 |   190 |   302 |       ||   722
       Rapier            |       |       |       |    27 |    71 ||    98
Throw: Dart              |       |     3 |     9 |    12 |     2 ||    26
 Cast: Ensorcelled Hiber |    31 |    51 |    83 |   178 |    38 ||   381
       Confusing Touch   |     1 |     5 |    22 |    20 |     5 ||    53
       Tukima's Dance    |       |       |     7 |    31 |       ||    38
       Call Canine Famil |       |       |       |     8 |     1 ||     9
       Summon Guardian G |       |       |       |     3 |       ||     3
       Invisibility      |       |       |       |       |     6 ||     6
Evoke: Wand              |       |       |       |     7 |       ||     7
  Use: Scroll            |       |       |    10 |    10 |     4 ||    24
       Potion            |       |       |       |     3 |       ||     3
 Stab: Sleeping          |    29 |    39 |    45 |   116 |    25 ||   254
       Confused          |     1 |     5 |    18 |    23 |     4 ||    51
       Distracted        |       |       |     1 |     2 |     1 ||     4
       Invisible         |       |       |       |       |     4 ||     4
Armor: Robe              |     8 |     7 |    23 |    31 |     4 ||    73
Dodge: Dodged            |    90 |    80 |   149 |   193 |    67 ||   579
